 Dungeon Crawl Stone Soup version 0.29.0-4-gdea44cf6ec (webtiles) character file.

Game seed: 12518395263953517984

98 qw the Chopper (level 4, -4/28 HPs)
             Began as a Gargoyle Fighter on Sept 10, 2022.
             Splashed by a jelly's acid (11 damage)
             ... on level 2 of the Dungeon.
             The game lasted 00:00:30 (1872 turns).

qw the Chopper (Gargoyle Fighter)                   Turns: 1872, Time: 00:00:31

Health: -4/28      AC:  6    Str: 22    XL:     4   Next: 69%
Magic:  4/4        EV:  9    Int:  8    God:
Gold:   111        SH:  4    Dex:  9    Spells: 3/3 levels left

rFire   . . .      SeeInvis .   Y - +0 war axe
rCold   . . .      Faith    .   c - +0 buckler
rNeg    + . .      Spirit   .   b - +0 scale mail
rPois   inf        Reflect  .   (no helmet)
rElec   +          Harm     .   (no cloak)
rCorr   .          Rampage  .   (no gloves)
Will    .....                   (no boots)
Stlth   ..........              (no amulet)
HPRegen 0.09/turn               (no ring)
MPRegen 0.09/turn               (no ring)

@: corroded
A: sickness immunity, AC +3, negative energy resistance 1, electricity
resistance, torment resistance 1, petrification resistance, claws 1
a: no special abilities


You were on level 2 of the Dungeon.
You visited 1 branch of the dungeon, and saw 2 of its levels.

You collected 111 gold pieces.


Innate Abilities, Weirdness & Mutations

You are immune to sickness and miasma.
Your stone body is resilient. (AC +3)
You are immune to poison.
You resist negative energy. (rN+)
You are resistant to electric shocks. (rElec)
You are resistant to unholy torment.
You are immune to petrification.
You have sharp fingernails.


   Skills:
 - Level 3.2 Fighting
 + Level 4.3 Axes
 - Level 3.2 Armour
 - Level 3.2 Shields


You had 3 spell levels left.
You didn't know any spells.
Your spell library was empty.

Inventory:

Hand Weapons
 l - a +1 whip of venom
 Y - a +0 war axe (weapon)
Armour
 b - a +0 scale mail (worn)
 c - a +0 buckler (worn)
Scrolls
 a - a scroll of enchant armour
 g - a scroll of teleportation {unknown}
 k - a scroll of fear {unknown}
Potions
 d - a potion of might
 e - a potion of curing {unknown}
 f - a potion of mutation
 i - a potion of magic {unknown}
 j - a potion of flight {unknown}

Dungeon Overview and Level Annotations

Branches:
Dungeon (2/15)

Altars:
Qazlal


Message History

You hit the jelly.
Your claws burn!
The jelly is moderately wounded.
The jelly closely misses you. The jelly hits you but does no damage.
You hit the jelly.
Your claws burn!
The jelly is moderately wounded.
The jelly barely misses you.
You hit the jelly.
Your claws burn!
The jelly is severely wounded.
The jelly hits you but does no damage.
You slash the jelly!
You kill the jelly!
Your Axes skill increases to level 4!
You start resting.
HP restored. 7 endoplasms and 2 jellies come into view.
Found a goblin skeleton and a scroll labelled PISAMO XINGIONEIS.
The endoplasm quivers. x5; The jelly quivers.
There is an open door here.
You slash the endoplasm!
You kill the endoplasm!
You hit the fungus.
The fungus begins to die.
The jelly closely misses you. The endoplasm barely misses you.
You slash the jelly!
Your claws burn!
The jelly is heavily wounded.
You slash the fungus! You barely miss the endoplasm. The jelly hits you.
You are splashed with acid!
You block the endoplasm's attack.
You hit the jelly but do no damage.
Your claws burn!
The jelly is heavily wounded.
You slash the fungus! You hit the endoplasm.
You kill the endoplasm!
The jelly hits you but does no damage.
The endoplasm hits the fungus.
The fungus begins to die.
You hit the jelly. The acid corrodes you!
Your claws burn!
The jelly is heavily wounded.
You hit the fungus. You slash the endoplasm!
You kill the endoplasm!
A nearby fungus withers and dies.
The jelly closely misses you.
The endoplasm hits the fungus.
The jelly hits you.
You are splashed with acid!
You die...

#.......#
#.......#
#.......#
#.......#
####....#
##..'....#
#.########
##).....##
#######@#
.P...JJJJ#
.....JJ..#
...P.P.P.#
...P.P..%#
.......P%#
?......P.#
##########


You could see 2 jellies and 4 endoplasms.

Vanquished Creatures
  A jelly (D:2)
  A gnoll (D:1)
  4 dart slugs
  4 ball pythons (D:1)
  A bat (D:2)
  8 endoplasms
  3 giant cockroaches (D:1)
  2 goblins (D:1)
  3 hobgoblins
  3 jackals (D:1)
  10 kobolds
  2 frilled lizards
  5 rats
47 creatures vanquished.

Vanquished Creatures (others)
  A fungus (D:2)
  7 toadstools (D:2)
8 creatures vanquished.

Grand Total: 55 creatures vanquished

Notes
Turn   | Place    | Note
-------+----------+-------------------------------------------
     0 | D:1      | qw the Gargoyle Fighter began the quest for the Orb.
     0 | D:1      | Reached XP level 1. HP: 14/14 MP: 1/1
     0 | D:1      | 0 ||| qw: Version: 0.1-a-116-g5d60599
     0 | D:1      | 0 ||| qw: Game counter: 7520
     0 | D:1      | 0 ||| qw: Always use a shield: true
     0 | D:1      | 0 ||| qw: God list: Okawaru
     0 | D:1      | 0 ||| qw: Allow faded altars: false
     0 | D:1      | 0 ||| qw: Do Orc after D:15 true
     0 | D:1      | 0 ||| qw: Do second Lair branch before Depths: true
     0 | D:1      | 0 ||| qw: Lair rune preference: random
     0 | D:1      | 0 ||| qw: Plans: Normal, Zot, God:TSO, Crypt, Tomb, Zig,
                  | Orb
     0 | D:1      | 0 ||| PLANNING D:1-11
    80 | D:1      | Reached skill level 2 in Axes
   251 | D:1      | Reached XP level 2. HP: 19/19 MP: 2/2
   545 | D:1      | 545 ||| Stepping ~*~*~tactically~*~*~ (stealth).
   555 | D:1      | Reached skill level 3 in Axes
   556 | D:1      | Reached XP level 3. HP: 19/23 MP: 3/3
   679 | D:1      | 679 ||| Stepping ~*~*~tactically~*~*~ (stealth).
   695 | D:1      | HP: 5/23 [gnoll/+0 club (3)]
   708 | D:1      | 708 ||| Stepping ~*~*~tactically~*~*~ (stealth).
  1105 | D:1      | Found a faded altar of an unknown god.
  1325 | D:1      | 1325 ||| READING 2 scrolls labelled GAIFAN HUDWA.
  1326 | D:1      | 1326 ||| READING scroll labelled CASKYE PUHUMI.
  1327 | D:1      | 1327 ||| DRINKING 2 blue potions.
  1327 | D:1      | Gained mutation: You are frail. (-10% HP) [potion of
                  | mutation]
  1327 | D:1      | Lost mutation: You are frail. (-10% HP) [potion of
                  | mutation]
  1327 | D:1      | Gained mutation: You have sharp fingernails. [potion of
                  | mutation]
  1395 | D:2      | 1395 ||| STAIRDANCE
  1506 | D:2      | Found a stormy altar of Qazlal.
  1507 | D:2      | 1507 ||| Stepping ~*~*~tactically~*~*~ (hiding).
  1517 | D:2      | Reached XP level 4. HP: 28/28 MP: 4/4
  1651 | D:2      | 1651 ||| DROPPING +0 mace.
  1687 | D:2      | Reached skill level 4 in Axes
  1872 | D:2      | HP: 7/28 [jelly (2)]
  1872 | D:2      | Splashed by a jelly's acid

Levels and vault maps discovered:
D:1:      wheals_arrival_shading, layout_loops_ring, basic_ecumenical_altar,
          serial_rivers, chequers_serial_rivers_marsh,
          chequers_serial_rivers_small_b, chequers_serial_rivers_small_b,
          chequers_serial_rivers_small_b, hangedman_feature_mirror, minivault_24
D:2:      cheibrodos_fertilizer, layout_basic, basic_altar, uniq_natasha

Skill      XL: |  1  2  3  4 |
---------------+-------------+-----
Axes           | 2 3 4 |  4.3
Fighting       | |  3.2
Armour         | |  3.2
Shields        | |  3.2

Action                   |  1- 3 |  4- 6 || total
-------------------------+-------+-------++-------
Melee: War axe           |    90 |    22 ||   112
  Use: Scroll            |     2 |       ||     2
       Potion            |     1 |       ||     1
Armor: Scale mail        |    41 |    10 ||    51
Dodge: Dodged            |    36 |    11 ||    47
Block: Buckler           |    19 |     2 ||    21

Table legend:
 A = Non-vault XP
 B = Vault XP
 C = Vault XP percentage of total XP
 D = Non-vault monster count
 E = Vault monster count
 F = Vault count percentage of total count
                 A         B        C        D         E       F
            +---------+---------+-------+---------+---------+-------
      Total |      73 |      69 |  48.6 |      31 |      16 |  34.0
            +---------+---------+-------+---------+---------+-------
        D:1 |      58 |      13 |  18.3 |      23 |       6 |  20.7
        D:2 |      15 |      56 |  78.9 |       8 |      10 |  55.6
            +---------+---------+-------+---------+---------+-------
